 Dungeon Crawl Stone Soup version 0.31.0-7-gf635a9b802 (webtiles) character file.

Game seed: 7623106857590635456

2076 Esekla the Magician (level 9, 0/51 HPs)
             Began as a Tengu Cinder Acolyte on Jan 23, 2024.
             Was a High Priest of Ignis.
             Slain by a gnoll
             ... wielding a +1 halberd of electrocution
              (19 damage)
             ... in a bailey.
             The game lasted 00:35:07 (7568 turns).

Esekla the Magician (Tengu Cinder Acolyte)          Turns: 7568, Time: 00:35:08

Health: 0/51       AC: 10    Str: 15    XL:     9   Next: 26%
Magic:  21/21      EV: 17    Int: 25    God:    Ignis [*****.]
Gold:   229        SH:  0    Dex:  9    Spells: 14/23 levels left

rFire   + + .        a - +4 scimitar (protect)
rCold   . . .        (no shield)
rNeg    . . .        w - +0 robe {rF+}
rPois   .            (helmet restricted)
rElec   .            l - +0 cloak
rCorr   .            (no gloves)
SInv    .            (boots unavailable)
Will    .....        (no amulet)
Stlth   +            z - +6 ring of intelligence
HPRegen 0.28/turn    (no ring)
MPRegen 0.17/turn

%: acrobat
@: under a protective aura, flying, studying Shields
A: beak, talons 3, evasive flight, acrobatic
a: Renounce Religion, Fiery Armour, Foxfire Swarm, Rising Flame


You were in a bailey.
You worshipped Ignis.
Ignis was extremely pleased with you.
You visited 1 branch of the dungeon, and saw 7 of its levels.
You also visited: Sewer and Bailey.

You collected 424 gold pieces.
You spent 195 gold pieces at shops.

Inventory:

Hand Weapons
 a - a +4 scimitar of protection (weapon)
 f - a -1 falchion of flaming
 r - a +2 spear of flaming
 s - a +0 dagger
 E - a +4 halberd of electrocution
 F - a +2 halberd of draining
Missiles
 h - 28 boomerangs (quivered)
 v - 4 javelins
 y - 2 curare-tipped darts
Armour
 j - a +0 leather armour of cold resistance
 l - a +0 cloak (worn)
 w - a +0 robe of fire resistance (worn)
Jewellery
 z - a +6 ring of intelligence (left hand)
Wands
 p - a wand of paralysis (9)
 u - a wand of flame (6)
Scrolls
 b - 2 scrolls of blinking
 c - 3 scrolls of teleportation {unknown}
 i - a scroll of amnesia
 k - 3 scrolls of fog {unknown}
 t - a scroll of poison {unknown}
 A - a scroll of noise {unknown}
 B - a scroll of silence {unknown}
Potions
 d - a potion of heal wounds
 e - 2 potions of mutation
 g - 6 potions of curing {unknown}
 m - a potion of might {unknown}
 o - 4 potions of magic
 q - 2 potions of attraction
 x - a potion of invisibility
 C - a potion of haste
 D - a potion of enlightenment {unknown}


   Skills:
 + Level 3.5 Fighting
 + Level 5.4 Long Blades
 + Level 0.5 Throwing
 * Level 4.7 Dodging
 + Level 1.3 Stealth
 * Level 7.7 Spellcasting
 + Level 6.4 Fire Magic
 * Level 0.8 Air Magic


You had 14 spell levels left.
You knew the following spells:

 Your Spells              Type           Power      Damage    Failure   Level
a - Airstrike             Air            7%         2d(1-17)  41%         4
o - Scorch                Fire           84%        2d8       1%          2
q - Swiftness             Air            14%        N/A       13%         3

Your spell library contained the following spells:

 Spells                   Type           Power      Damage    Failure   Level
 Shock                    Conj/Air       44%        1d5       5%          1
 Stone Arrow              Conj/Erth      18%        3d8       19%         3
 Animate Armour           Summ/Erth      18%        N/A       52%         4
 Lehudib's Crystal Spear  Conj/Erth      4%         10d3      100%        8


Dungeon Overview and Level Annotations

Branches:
Dungeon (7/15)             Temple (0/1) D:6           Sewer (visited)
 Bailey (1/1)

Altars:
Hepliaklqana
Kikubaaqudgha
Makhleb
Qazlal
Vehumet
The Shining One

Shops:
D:5 !

Annotations:
D:3 1 runed translucent door, PriceMaster's ghost, amateur OpFE


Innate Abilities, Weirdness & Mutations

You have a beak for a mouth.
You have claws for feet.
Your magical flight helps you evade attacks. (EV +4)
You can magically evade attacks while moving or waiting.


Message History

A gnoll opens the door.
It is wielding a +1 halberd of electrocution.
Your extra speed is starting to run out.
The gnoll barely misses you.
There is a broken door here.
You slash the gnoll!
Your weapon exudes an aura of protection.
Your peck misses the gnoll.
The gnoll is severely wounded.
You hit the gnoll.
The gnoll is almost dead.
The gnoll barely misses you.
You slash the gnoll!
You kill the gnoll!
Throw: 28 boomerangs
Press: ? - help, Q - select action, (/) - cycle Shift-Dir - straight line, f - orc
Aim: an orc, wielding a +0 halberd and wearing a +0 ring mail (54% to hit)
You throw a boomerang.
The boomerang hits the orc but does no damage.
The orc completely misses you.
There is a broken door here.
You hit the orc. Your peck misses the orc.
The orc is heavily wounded.
The orc closely misses you.
You hit the orc. You peck the orc.
You kill the orc!
You feel yourself slow down.
You start resting.
A gnoll is nearby!
Throw: 28 boomerangs
Press: ? - help, Q - select action, (/) - cycle Shift-Dir - straight line, f - gnoll
Aim: a gnoll, wielding a +1 halberd of electrocution (54% to hit)
You throw a boomerang. The boomerang closely misses the gnoll.
The gnoll closely misses you.
There is a broken door here.
You slash the gnoll!
Your weapon exudes an aura of protection.
The gnoll is almost dead.
The gnoll hits you with a +1 halberd of electrocution!
You are electrocuted!!
You die...

!.o ###.....### !.⌠
#.'..⌠..')# .!
###.....### !
##.....##
'###'##'##)##
#.#.###)###)# ### ###
##### ### #'#
#.###)###.#)###)###o#
##'##'##@###'##'##'##
##....g## ##.....##
###.....#####.....###
#)'..∩..')#.'..⌠..')#
###.....#####.....###
##.....## ##.....##
##'##'##'###+##'##'##
#∩###)###÷'.###.###.#
### ### ##### ### ###


You could see a gnoll.

Vanquished Creatures
  3 water moccasins
  2 orc warriors (D:6)
  2 ogres (D:5)
  A crocodile (Sewer)
  A bullfrog (D:7)
  A brain worm (Sewer)
  4 scorpions
  3 wights
  A bombardier beetle (D:6)
  2 jellies (D:7)
  A hound (D:6)
  An orc priest (D:5)
  A gnoll bouda (D:6)
  Ijyb (D:3)
  An iguana (D:4)
  6 orc wizards
  Robin (D:3)
  9 adders
  16 gnolls
  A river rat (D:6)
  2 dart slugs
  3 ribbon worms (D:3)
  20 orcs
  11 bats
  6 endoplasms
  5 giant cockroaches
  11 goblins
  7 hobgoblins
  4 jackals (D:3)
  7 quokkas
  8 ball pythons
  5 frilled lizards
  10 kobolds
  11 rats
168 creatures vanquished.

Notes
Turn   | Place    | Note
-------+----------+-------------------------------------------
     0 | D:1      | Esekla the Tengu Cinder Acolyte began the quest for the
                  | Orb.
     0 | D:1      | Reached XP level 1. HP: 14/14 MP: 3/3
   172 | D:1      | Reached XP level 2. HP: 13/19 MP: 4/4
   180 | D:1      | Learned a level 2 spell: Scorch
   340 | D:1      | You fall into a shaft and drop 1 floor!
   762 | D:1      | Reached XP level 3. HP: 23/23 MP: 3/6
  1204 | D:3      | Reached skill level 1 in Dodging
  1439 | D:3      | Found a runed translucent door.
  1439 | D:3      | Noticed a bullfrog
  1455 | D:3      | Reached XP level 4. HP: 24/28 MP: 2/7
  1516 | D:3      | Reached skill level 2 in Spellcasting
  1654 | D:3      | Noticed Ijyb
  1677 | D:3      | Noticed PriceMaster's ghost (amateur OpFE)
  1744 | D:4      | Noticed a scorpion
  1758 | D:4      | Noticed a water moccasin
  1762 | D:4      | Killed a scorpion
  1763 | D:4      | Reached XP level 5. HP: 13/32 MP: 3/10
  1771 | D:4      | Killed a water moccasin
  1772 | D:4      | Reached skill level 3 in Spellcasting
  1772 | D:4      | Reached XP level 6. HP: 13/37 MP: 2/11
  1990 | D:4      | Found a stormy altar of Qazlal.
  2202 | D:4      | Found an ancient bone altar of Kikubaaqudgha.
  2434 | D:2      | Found a radiant altar of Vehumet.
  2710 | D:3      | Reached skill level 4 in Spellcasting
  2764 | D:3      | Killed Ijyb
  2839 | D:3      | Gained mutation: Your magical flight helps you evade
                  | attacks. (EV +4) [Tengu growth]
  2839 | D:3      | Reached XP level 7. HP: 41/41 MP: 7/14
  3304 | D:3      | Noticed Robin
  3317 | D:3      | Killed Robin
  3384 | D:3      | Found a burning altar of Makhleb.
  3386 | D:3      | Noticed a green death
  3896 | D:3      | Reached skill level 5 in Spellcasting
  4290 | D:5      | Entered Level 5 of the Dungeon
  4454 | D:5      | Reached skill level 5 in Fire Magic
  4454 | D:5      | Reached XP level 8. HP: 46/46 MP: 10/17
  4739 | D:5      | Found Tujeegu's Distillery.
  4777 | D:5      | Reached skill level 6 in Spellcasting
  4842 | D:5      | Bought a potion of heal wounds for 65 gold pieces
  4842 | D:5      | Bought a potion of haste for 130 gold pieces
  4992 | D:5      | Reached skill level 1 in Stealth
  5249 | D:5      | Found a glowing golden altar of the Shining One.
  5258 | D:5      | Found a hazy altar of Hepliaklqana.
  5698 | D:6      | Found a glowing drain.
  5710 | Sewer    | Entered a sewer
  5956 | D:6      | HP: 1/46 [orc warrior/+0 trident (13)]
  5962 | D:6      | Reached skill level 5 in Long Blades
  5962 | D:6      | Reached skill level 7 in Spellcasting
  6146 | D:6      | Found a staircase to the Ecumenical Temple.
  6207 | D:6      | Reached XP level 9. HP: 8/51 MP: 7/21
  6629 | D:6      | Learned a level 3 spell: Swiftness
  7026 | D:7      | Learned a level 4 spell: Airstrike
  7059 | D:7      | Found a flagged portal.
  7191 | Bailey   | Entered a bailey
  7488 | Bailey   | Noticed an orc knight
  7500 | Bailey   | HP: 2/51 [orc knight/+0 halberd (18)]
  7568 | Bailey   | Slain by a gnoll

Illustrated notes

Levels and vault maps discovered:
D:1:      dpeg_arrival_ternary, layout_loops_ring
D:2:      layout_loops_cross, basic_altar
D:3:      layout_loops_ring, makhleb_altar_promises_db, ebering_ghost_sewer_d,
          nrook_loot_triangle, uniq_robin, uniq_ijyb
D:4:      layout_loops_cross, grunt_qazlal_sundering, kiku_gazebo_pond_becter,
          hex_large, minmay_manual_monstrance
D:5:      layout_loops_ring, amethyst_overflow_temple_binary, serial_shops,
          nicolae_shop_stone
D:6:      layout_loops_corners, minmay_temple_entry_tees, portal_sewer_entry_e
D:7:      layout_basic, enter_bailey_6, ebering_dispersal_statue_hall
Bailey:   bailey_polearm_nasty_gnolls, bailey

Skill      XL: |  1  2  3  4  5  6  7  8 |
---------------+-------------------------+-----
Long Blades    | 4 5 |  5.4
Dodging        | 1 2 3 4 |  4.7
Spellcasting   | 2 3 4 5 7 |  7.7
Fire Magic     | 4 5 6 |  6.4
Stealth        | 1 |  1.3
Fighting       | |  3.5
Throwing       | |  0.5
Air Magic      | |  0.8

Action                     |  1- 3 |  4- 6 |  7- 9 || total
---------------------------+-------+-------+-------++-------
  Melee: Falchion          |    63 |    56 |       ||   119
         Kick              |     7 |     8 |    18 ||    33
         Punch             |     1 |       |     1 ||     2
         Peck              |     1 |     5 |    18 ||    24
         Dagger            |     1 |       |     2 ||     3
         Scimitar          |       |       |   126 ||   126
  Throw: Boomerang         |     4 |     1 |    14 ||    19
         Dart              |       |       |     1 ||     1
   Cast: Scorch            |    17 |    35 |   112 ||   164
 Invoke: Fiery Armour      |       |     1 |       ||     1
    Use: Scroll            |       |     5 |     6 ||    11
         Potion            |       |       |     5 ||     5
   Stab: Sleeping          |       |       |     8 ||     8
 Armour: Robe              |    23 |    34 |    68 ||   125
  Dodge: Dodged            |    52 |    75 |   150 ||   277
